 Dungeon Crawl Stone Soup version 0.27-a0-1184-ge86db4a01e (webtiles) character file.

Game seed: 4040670321953262985

311 bande the Covered (level 6, -1/38 HPs)
             Began as a Gargoyle Fighter on May 18, 2021.
             Killed by divine providence
             ... invoked by an orc priest
              (12 damage)
             ... on level 4 of the Dungeon.
             The game lasted 00:06:32 (4213 turns).

bande the Covered (Gargoyle Fighter)                Turns: 4213, Time: 00:06:32

Health: -1/38      AC: 19    Str: 21    XL:     6   Next: 42%
Magic:  6/6        EV:  5    Int:  8    God:
Gold:   159        SH:  9    Dex: 10    Spells: 5/5 levels left

rFire    . . .     SeeInvis .   a - +0 war axe
rCold    . . .     Faith    .   c - +0 kite shield
rNeg     + . .     Spirit   .   f - +0 chain mail
rPois    ∞         Reflect  .   d - +2 helmet
rElec    +         Harm     .   (no cloak)
rCorr    .         Rampage  .   i - +1 pair of gloves
Will     .....                  (no boots)
Stlth    ..........             (no amulet)
HPRegen  0.12/turn              (no ring)
MPRegen  0.10/turn              (no ring)

@: no status effects
A: sickness immunity, AC +4, negative energy resistance 1, electricity
resistance, torment resistance 1, petrification resistance
a: no special abilities


You were on level 4 of the Dungeon.
You visited 1 branch of the dungeon, and saw 4 of its levels.

You collected 159 gold pieces.

Inventory:

Hand Weapons
 a - a +0 war axe (weapon)
Armour
 c - a +0 kite shield (worn)
 d - a +2 helmet (worn)
 f - a +0 chain mail (worn)
 i - a +1 pair of gloves (worn)
Scrolls
 l - a scroll of identify
 m - a scroll of amnesia
Potions
 b - a potion of magic
 e - 2 potions of heal wounds
 g - 2 potions of haste
 h - 3 potions of curing
 j - a potion of cancellation
 n - a potion of might


   Skills:
 + Level 3.9 Fighting
 + Level 4.0 Axes
 + Level 4.5 Armour
 + Level 0.5 Dodging
 - Level 1.0 Stealth
 + Level 4.5 Shields


You had 5 spell levels left.
You didn't know any spells.
Your spell library was empty.

Dungeon Overview and Level Annotations

Branches:
Dungeon (4/15)
 Temple: D:4-7

Altars:
Elyvilon


Innate Abilities, Weirdness & Mutations

You are immune to sickness and miasma.
Your stone body is resilient. (AC +4)
You are immune to poison.
You resist negative energy. (rN+)
You are resistant to electric shocks. (rElec)
You are resistant to unholy torment.
You are immune to petrification.


Message History

The orc hits you but does no damage.
You hit the orc.
The orc is lightly wounded.
The orc hits you but does no damage.
An orc comes into view. It is wielding a +0 mace.
You barely miss something. Something hits you but does no damage.
The orc priest looks satisfied for a moment.
You slash something! You block something's attack.
Something hits you but does no damage.
You hit something. Something hits you but does no damage.
You hit something.
Reactivating autopickup.
You feel a bit more experienced.
The orc priest miscasts a cantrip.
An orc comes into view. It is wielding a +0 whip.
The orc hits you but does no damage.
Your Axes skill increases to level 4!
The orc shouts!
You hit the orc but do no damage. The orc hits you but does no damage.
You barely miss the orc. You block the orc's attack.
The orc hits you but does no damage.
You slash the orc!
You kill the orc!
The orc priest mumbles some strange prayers to Beogh against you.
Beogh smites you!
Your shield and chain mail prevent you from hitting the orc.
You block the orc's attack. The orc hits you but does no damage.
The orc priest mumbles some strange prayers to Beogh against you.
Beogh smites you!
You barely miss the orc. The orc hits you but does no damage.
Your shield prevents you from hitting the orc.
The orc hits you but does no damage. x2
You hit the orc but do no damage. You block the orc's attack.
The orc priest looks satisfied for a moment.
You closely miss the orc. The orc hits you but does no damage. x2
You barely miss the orc. The orc hits you with a +0 mace.
* * * LOW HITPOINT WARNING * * *
The orc priest mumbles some strange prayers to Beogh against you.
Beogh smites you!
You die...

###########
..........#######
.#.###..........#
.#.###..#.#.###.#####
.#......#.......@ooo#
.#............#.###.#
........#....##.# *,*
##........#.###.# *,*
#...[...........# *,*
#.#########.#####
*,*** #.# *#'#* *,,,*
#.# **...** ***,* #.#
**.....** *,*


You could see an orc priest and 2 orcs.

Vanquished Creatures
  A bullfrog zombie (D:4)
  An orc priest (D:3)
  Jessica (D:2)
  An orc wizard (D:4)
  A hound skeleton (D:4)
  Robin (D:2)
  3 gnolls
  3 adders
  2 worms
  13 orcs
  6 endoplasms
  6 giant cockroaches
  14 goblins
  16 hobgoblins
  3 jackals (D:2)
  6 quokkas
  7 ball pythons
  6 bats
  A frilled lizard (D:3)
  6 kobolds
  2 rats
100 creatures vanquished.

Notes
Turn   | Place    | Note
-------+----------+-------------------------------------------
     0 | D:1      | bande the Gargoyle Fighter began the quest for the Orb.
     0 | D:1      | Reached XP level 1. HP: 14/14 MP: 1/1
   223 | D:1      | Reached XP level 2. HP: 19/19 MP: 2/2
   271 | D:1      | Found a faded altar of an unknown god.
   646 | D:1      | Reached XP level 3. HP: 23/23 MP: 3/3
  1402 | D:2      | Noticed Jessica
  1411 | D:2      | Killed Jessica
  1412 | D:2      | Reached XP level 4. HP: 14/28 MP: 4/4
  1580 | D:2      | Noticed Robin
  1592 | D:2      | Killed Robin
  1593 | D:2      | Reached skill level 1 in Stealth
  2137 | D:2      | Reached XP level 5. HP: 32/32 MP: 5/5
  2652 | D:3      | Found a white marble altar of Elyvilon.
  3705 | D:4      | Reached XP level 6. HP: 28/38 MP: 6/6
  4213 | D:4      | Killed from afar by an orc priest

Illustrated notes

Levels and vault maps discovered:
D:1:      dpeg_arrival_morbid_curiosity, layout_basic,
          hellmonk_ecumenical_altar_zigzags, minmay_pentomino_u4
D:2:      layout_basic, uniq_robin, uniq_jessica
D:3:      layout_loops_ring, lemuel_doored_altar, minmay_misc_feat_diagonals,
          grunt_ministairs_12, guppyfry_early_orc_mine
D:4:      layout_loops_corners, serial_shops, nicolae_shop_overgrown_old_shop

Skill      XL: |  1  2  3  4  5  6 |
---------------+-------------------+-----
Axes           | 2 3 4 |  4.0
Shields        | 4 |  4.5
Armour         | 4 |  4.5
Stealth        | 1 |  1.0
Fighting       | |  3.9
Dodging        | |  0.5

Action                   |  1- 3 |  4- 6 || total
-------------------------+-------+-------++-------
Melee: War axe           |   106 |   193 ||   299
  Use: Potion            |     3 |     5 ||     8
       Scroll            |     1 |     5 ||     6
Armor: Scale mail        |    33 |       ||    33
       Chain mail        |    49 |   160 ||   209
Dodge: Dodged            |    34 |    40 ||    74
Block: Kite shield       |    53 |   123 ||   176

Table legend: (Time is in decaauts)
 A = Elapsed time spent in this place.
 B = Non-inter-level travel time spent in this place.
 C = Inter-level travel time spent in this place.
 D = Time resting spent in this place.
 E = Time spent auto-exploring this place.
 F = Levels seen in this place.
 G = Mean time per level.
                   A        B        C        D        E       F      G
               +--------+--------+--------+--------+--------+-----+--------+
         Total |   4377 |   4377 |      0 |   1309 |   2174 |   4 | 1094.2 |
       Dungeon |   4377 |   4377 |      0 |   1309 |   2174 |   4 | 1094.2 |
               +--------+--------+--------+--------+--------+-----+--------+

Top non-repeatable levels by time:
     D:1: 1378 daAuts
     D:3: 1228 daAuts
     D:2: 1188 daAuts
     D:4: 580 daAuts
